 Dungeon Crawl Stone Soup version 0.31-a0-1529-g7bd419a0e5 (webtiles) character file.

Game seed: 15378263192440731989

7476 Zonian the Summoner (level 10, -1/44 HPs)
             Began as a Felid Summoner on Dec 31, 2023.
             Was an Initiate of Gozag.
             Slain by a wolf (11 damage)
             ... on level 1 of the Lair of Beasts.
             The game lasted 01:00:47 (17810 turns).

Zonian the Summoner (Felid Summoner)               Turns: 17810, Time: 01:00:47

Health: -1/44      AC:  2    Str:  8    XL:     10   Next: 94%
Magic:  6/16       EV: 19    Int: 30    God:    Gozag
Gold:   696        SH:  0    Dex: 16    Spells: 3/16 levels left
                                        Lives:  0   Deaths: 4

rFire   + . .        (weapon unavailable)
rCold   + . .        (shield unavailable)
rNeg    . . .        (body armour unavailable)
rPois   .            (helmet unavailable)
rElec   .            (cloak unavailable)
rCorr   .            (gloves unavailable)
SInv    +            (boots unavailable)
Will    +....        E - amulet of magic regeneration {@e2}
Stlth   +++          d - ring "Unuaqag" {^Contam rF+ Str+4 Int+6}
HPRegen 0.27/turn    m - ring of protection from cold
MPRegen 0.55/turn

%: no passive effects
@: inugami summoned
A: very small, claws 1, fangs 3, see invisible, shaggy fur 2, stealthy paws, no
weapons or thrown items, no armour, multi-lived
a: Renounce Religion, Potion Petition, Call Merchant, Bribe Branch


You were on level 1 of the Lair of Beasts.
You worshipped Gozag.
Gozag was pleased with you.
You visited 3 branches of the dungeon, and saw 12 of its levels.
You also visited: Ossuary.

You collected 939 gold pieces.
You spent 48 gold pieces at shops.
You paid 195 gold pieces to Gozag.


Innate Abilities, Weirdness & Mutations

You have sharp claws.
You have razor-sharp teeth.
You have supernaturally acute eyesight. (SInv)
You are covered in thick fur. (AC +2)
Your paws help you pounce on unaware monsters.
You are incapable of wielding weapons or throwing items.
You cannot wear armour.
You gain extra lives every three experience levels.


   Skills:
 - Level 5.1 Dodging
 - Level 5.3 Stealth
 + Level 3.5 Spellcasting
 + Level 12.9 Summonings
 + Level 9.2 Air Magic


You had 3 spell levels left.
You knew the following spells:

 Your Spells              Type           Power      Damage    Failure   Level
a - Summon Small Mammal   Summ           100%       N/A       1%          1
b - Call Imp              Summ           100%       N/A       1%          2
c - Call Canine Familiar  Summ           70%        N/A       1%          3
d - Summon Lightning Spi  Summ/Air       64%        N/A       1%          4
e - Swiftness             Air            57%        N/A       1%          3

Your spell library contained the following spells:

 Spells                   Type           Power      Damage    Failure   Level
 Shock                    Conj/Air       100%       1d9       1%          1
 Summon Ice Beast         Ice/Summ       44%        N/A       1%          3
 Sublimation of Blood     Necr           5%         N/A       11%         2
 Gell's Gravitas          Tloc           5%         N/A       21%         3
 Hailstorm                Conj/Ice       5%         3d5       21%         3
 Teleport Other           Tloc           5%         N/A       21%         3
 Airstrike                Air            28%        2d(5-21)  1%          4
 Summon Blazeheart Golem  Fire/Summ      44%        N/A       4%          4
 Summon Hydra             Summ           35%        N/A       28%         7
 Cause Fear               Hex            2%         N/A       56%         4
 Fireball                 Conj/Fire      2%         3d4       88%         5
 Dispersal                Tloc           2%         N/A       100%        6
 Dragon's Call            Summ           35%        N/A       100%        9
 Sculpt Simulacrum        Ice/Alch       Unusable   N/A       N/A         6

Inventory:

Jewellery
 d - the ring "Unuaqag" (left paw) {^Contam rF+ Str+4 Int+6}
   (You found it on level 2 of the Dungeon)

   [ring of intelligence]

   Str+4:     It affects your strength (+4).
   Int+6:     It affects your intelligence (+6).
   rF+:       It protects you from fire.
   ^Contam:   It causes magical contamination when unequipped.
 i - an amulet of reflection
   (You found it on level 3 of the Dungeon)
 k - a ring of willpower
   (You found it on level 2 of the Dungeon)
 l - a ring of resist corrosion
   (You found it on level 2 of the Dungeon)
 m - a ring of protection from cold (right paw)
   (You found it on level 2 of the Dungeon)
 t - an amulet of regeneration {@e2}
   (You found it in an ossuary)
 y - an amulet of guardian spirit
   (You found it on level 7 of the Dungeon)
 A - a +6 ring of strength
   (You found it on level 7 of the Dungeon)
 D - an amulet of faith {!P}
   (You took it off Erica on level 8 of the Dungeon)
 E - an amulet of magic regeneration (around neck) {@e2}
   (You found it on level 9 of the Dungeon)
Wands
 a - a wand of charming (13)
   (You took it off an orc on level 3 of the Dungeon)
 w - a wand of polymorph (22)
   (You found it on level 7 of the Dungeon)
Scrolls
 e - 3 scrolls of fog
 n - 4 scrolls of immolation {!r!r}
 o - 4 scrolls of vulnerability {!r!r}
 s - 2 scrolls of revelation
 C - a scroll of brand weapon {unknown}
Potions
 b - a potion of ambrosia
 c - 3 potions of berserk rage {!q}
 f - 4 potions of enlightenment
 g - 3 potions of curing {@q1}
 q - 2 potions of degeneration {!q@e2}
 r - a potion of attraction {!q}
 u - a potion of lignification {!q}
 v - a potion of might
 z - a potion of magic
 F - a potion of brilliance

Dungeon Overview and Level Annotations

Branches:
Dungeon (10/15) Zot: 26982  Temple (1/1) D:6 Zot: 5924    Lair (1/5) D:9 Zot: 17975
Ossuary (visited)
    Orc: D:9-12

Altars:
Ashenzari
Cheibriados
Dithmenos
Elyvilon
Fedhas
Gozag
Hepliaklqana
Kikubaaqudgha
Makhleb
Nemelex Xobeh
Qazlal
Sif Muna
Trog
Uskayaw
Vehumet
Wu Jian
Xom
Yredelemnul
Zin
The Shining One

Shops:
D:7 * D:8

( ...#..# #############
§.#...* #############
...#.### #############
..l#...# #######P#######$##
.##.h..###..>.....###..!l.#
.F.....F....$..F...#.....8#
.>.......F....l..h...?....#
............§.Fhh§r.......#
.F....)..=.F..h8@hhl.F....#
......#!......hS.○........#
.P#...#.......F5.☼.F>.[...#
#########..###.##.#########
#### ###*##


You could see 2 komodo dragons, a black mamba, a cane toad, 4 blink frogs, 6
wolves, 2 bullfrogs, a friendly lightning spire (summoned), a friendly cerulean
imp (summoned), a friendly quokka (summoned) and a friendly inugami (summoned).


Message History

The komodo dragon closely misses you.
Unknown command.
Casting: Swiftness (safe; 1% risk of failure)
Confirm with . or Enter, or press ? or * to list all spells.
An electric hum fills the air.
The komodo dragon bites you!!
Ouch! That really hurt!
You die...
You rejoin the land of the living... 😎 HP[+27]
Your hp is fully restored (44).
You feel yourself speed up.
The blink frog blinks!
The wolf closely misses you. The blink frog hits you.
The wolf bites you! 😮 HP[-11]
You take 11 damage, and now have 33/44 hp.
MASSIVE DAMAGE!! (PAUSE)
The wolf attacks as it pursues you! The wolf bites you! x2
* * * LOW HITPOINT WARNING * * *
The wolf completely misses you. 😨 HP[-18]
You take 18 damage, and now have 15/44 hp.
MASSIVE DAMAGE!! (PAUSE)
The wolf attacks as it pursues you! The wolf bites you.
* * * LOW HITPOINT WARNING * * *
The blink frog attacks as it pursues you!
The blink frog hits you!!
You die...
The wolf closely misses you.
You rejoin the land of the living... 😎 HP[+29]
Your hp is fully restored (44).
Unknown command.
Casting: Summon Lightning Spire (dangerous; 1% risk of failure)
Confirm with . or Enter, or press ? or * to list all spells.
An electric hum fills the air.
The wolf seems to regain its courage.
The black mamba seems to regain its courage. 😎 MP[-3]
You lost 3 mp, and now have 13/16 mp.
Unknown command.
Casting: Summon Lightning Spire (dangerous; 1% risk of failure)
Confirm with . or Enter, or press ? or * to list all spells.
You call for your canine familiar and it appears with a howl!
The blink frog hits your lightning spire.
The wolf bites your lightning spire.
Your lightning spire shoots out a bolt of lightning at the wolf!
The bolt of electricity hits the wolf!
Your lightning spire's attack snaps the wolf out of its fear.
The bolt of electricity hits the wolf!!
Your lightning spire's attack snaps the wolf out of its fear.
The bolt of electricity misses the black mamba.
The bolt of electricity hits the bullfrog!
The blink frog hits your lightning spire.
The blink frog blinks!
The blink frog hits your lightning spire! 😎 MP[-3]
You lost 3 mp, and now have 10/16 mp.
Unknown command.
Casting: Call Canine Familiar (safe; 1% risk of failure)
Confirm with . or Enter, or press ? or * to list all spells.
The wolf bites your lightning spire.
The blink frog hits your lightning spire but does no damage.
The blink frog hits your lightning spire.
The wolf bites your inugami but does no damage.
The wolf misses you.
The wolf bites your lightning spire but does no damage.
Your inugami is engulfed in poison gas.
Your inugami is poisoned.
Your inugami hits the wolf.
Your lightning spire shoots out a bolt of lightning at the blink frog!
The bolt of electricity hits the blink frog!!
Unknown command.
Casting: Summon Small Mammal (safe; 1% risk of failure)
Confirm with . or Enter, or press ? or * to list all spells.
A tiny devil pulls itself out of the air.
The wolf bites you. The wolf bites your lightning spire.
The blink frog barely misses your lightning spire.
The blink frog hits your lightning spire but does no damage.
The blink frog blinks!
Your quokka closely misses the wolf.
Your inugami is engulfed in poison gas.
Your inugami looks even sicker.
Your inugami hits the wolf!
The black mamba bites you! 😮 HP[-13] MP[-2]
You take 13 damage, and now have 31/44 hp.
MASSIVE DAMAGE!! (PAUSE)
You lost 2 mp, and now have 8/16 mp.
Unknown command.
Casting: Call Imp (safe; 1% risk of failure)
Confirm with . or Enter, or press ? or * to list all spells.
You imbue your familiar with magical energy and its fangs glint viciously.
Your inugami looks more healthy.
The wolf looks more healthy.
The wolf bites you. x2
* * * LOW HITPOINT WARNING * * *
The blink frog hits your lightning spire!
The blink frog blinks!
The blink frog barely misses your lightning spire.
The black mamba completely misses you. The wolf bites you!
* * * LOW HITPOINT WARNING * * *
The bullfrog completely misses your cerulean imp.
The wolf is engulfed in poison gas.
The wolf is poisoned.
The wolf bites you!
You die...
Your body crumbles into a pile of gold.

Skill      XL: |  1  2  3  4  5  6  7  8  9 10 |
---------------+-------------------------------+-----
Dodging        | 3 4 5 |  5.1
Stealth        | 3 4 5 |  5.3
Spellcasting   | 3 |  3.5
Summonings     | 5 6 8 9 11 12 | 12.9
Air Magic      | 4 7 9 |  9.2

Action                     |  1- 3 |  4- 6 |  7- 9 | 10-12 || total
---------------------------+-------+-------+-------+-------++-------
  Melee: Unarmed           |    40 |    65 |    74 |    40 ||   219
         Bite              |     3 |     1 |    12 |    11 ||    27
         Punch             |       |     1 |     1 |     1 ||     3
   Cast: Summon Small Mamm |    59 |    91 |   106 |     1 ||   257
         Call Imp          |    16 |    28 |    52 |     2 ||    98
         Call Canine Famil |       |     4 |    33 |    26 ||    63
         Summon Lightning  |       |       |    11 |    11 ||    22
         Swiftness         |       |       |       |     1 ||     1
  Evoke: Wand              |       |     1 |     4 |       ||     5
    Use: Scroll            |     7 |     4 |     8 |     7 ||    26
         Potion            |     5 |     1 |     3 |     3 ||    12
   Stab: Distracted        |     1 |     3 |     1 |     1 ||     6
         Sleeping          |     1 |       |     1 |       ||     2
 Armour: Skin              |    15 |    35 |    72 |    36 ||   158
  Dodge: Dodged            |    58 |    69 |   142 |    55 ||   324
  Block: Other             |       |    16 |     5 |       ||    21
         Reflection        |       |     1 |       |       ||     1

Levels and vault maps discovered:
D:1:      beargit_arrival_greenhouse, layout_loops_corners, kennysheep_doodads
D:2:      layout_basic, serial_co_window_serial, co_window_paths_a,
          co_window_corner_a, co_window_of_opportunity_a, co_window_cross_1,
          co_window_corner_a, co_window_broadway_c, co_window_corner_b,
          co_window_cross_2, co_window_corner_b, co_window_corner_b,
          co_window_corner_b, glass_columns_a, glass_columns_a,
          minmay_tetromino_i4
D:3:      layout_basic, uniq_grinder
D:4:      cheibrodos_barr_body, layout_rooms, nicolae_uskayaw_en_pointe,
          elyvilon_altar_4, minmay_checkerbox
D:5:      layout_loops_ring, mainiacjoe_overflow_tiny_flanked,
          marbit_many_paths, mainiacjoe_overflow_chevrons,
          chequers_ossuary_entry_cave
D:6:      layout_basic, nicolae_vehumet_altar_sigil, temple_green
D:7:      layout_basic, serial_shops, kennysheep_mini
D:8:      layout_loops_ring, trog_book, lemuel_coloured_pillars_altar,
          serial_shops, nicolae_shop_hallway_plus, serial_bayou_pond_e,
          uniq_erica, uniq_jeremiah
D:9:      layout_long_grid, nicolae_sif_muna_little_library,
          nicolae_overflow_crystal_walls, mainiacjoe_overflow_24_doors,
          lair_entry_dummy
D:10:     layout_gridville, nicolae_ru_path_of_blood, okawaru_gym_becter,
          erik_orc_4, kennysheep_cross_bottleneck, minivault_19
Temple:   kb_temple_of_zot
Lair:1:   layout_hall_layers

Notes
Turn   | Place    | Note
-------+----------+-------------------------------------------
     0 | D:1      | Zonian the Felid Summoner began the quest for the Orb.
     0 | D:1      | Reached XP level 1. HP: 9/9 MP: 4/4
     0 | D:1      | magus.rc [v1.9.6]
   385 | D:1      | Reached skill level 3 in Dodging
   385 | D:1      | Reached skill level 3 in Stealth
   385 | D:1      | Reached XP level 2. HP: 13/13 MP: 1/6
  1241 | D:1      | Learned a level 2 spell: Call Imp
  1683 | D:2      | Reached XP level 3. HP: 16/16 MP: 2/7
  1948 | D:2      | HP: 6/24 [poisoned by an adder]
  2155 | D:2      | Identified the ring "Unuaqag" {^Contam rF+ Str+4 Int+6}
  2906 | D:3      | HP: 4/16 [ufetubus (3)]
  3064 | D:3      | You pick up a book of Blood and begin reading...
  3064 | D:3      | You add the spells Sublimation of Blood and Summon Hydra to
                  | your library.
  3199 | D:3      | Learned a level 3 spell: Call Canine Familiar
  3279 | D:3      | Reached XP level 4. HP: 21/21 MP: 4/9
  3279 | D:3      | Gained a life (2 lives remaining)
  3400 | D:3      | Reached skill level 4 in Dodging
  3400 | D:3      | Reached skill level 4 in Stealth
  3573 | D:3      | Reached XP level 5. HP: 24/24 MP: 5/10
  3638 | D:3      | Noticed Grinder
  3914 | D:3      | Reached skill level 3 in Spellcasting
  4013 | D:3      | You pick up a book of Air and begin reading...
  4013 | D:3      | You add the spells Shock, Swiftness and Airstrike to your
                  | library.
  4014 | D:3      | Upgraded the game from 0.31-a0-1522-g43313d8a59 to
                  | 0.31-a0-1529-g7bd419a0e5
  4014 | D:3      | magus.rc [v1.9.6]
  4471 | D:4      | Noticed an ice beast
  4737 | D:4      | Found a white marble altar of Elyvilon.
  4787 | D:4      | Reached skill level 5 in Summonings
  4965 | D:4      | HP: 2/24 [gnoll/+0 trident (11)]
  5404 | D:4      | Reached skill level 5 in Stealth
  5404 | D:4      | Gained mutation: You are covered in thick fur. (AC +2)
                  | [Felid growth]
  5404 | D:4      | Reached XP level 6. HP: 26/28 MP: 6/11
  5591 | D:4      | HP: 7/28 [poisoned by a scorpion]
  5812 | D:4      | Noticed a +0 falchion
  5812 | D:4      | Noticed a +0 falchion
  5812 | D:4      | Noticed a +0 short sword
  5812 | D:4      | Noticed a +0 dagger
  5813 | D:4      | Noticed a +0 dagger
  5813 | D:4      | Noticed a +0 short sword
  5813 | D:4      | Noticed a +0 spear
  5813 | D:4      | Noticed a +0 spear
  5842 | D:4      | Found a hide-covered altar of Uskayaw.
  6378 | D:4      | Killed from afar by an orc priest
  6378 | D:4      | Lost a life (1 life remaining)
  6392 | D:4      | Reached skill level 5 in Dodging
  6562 | D:4      | HP: 6/28 [acid (10)]
  6564 | D:4      | Splashed by a jelly's acid
  6564 | D:4      | Lost a life (0 lives remaining)
  6738 | D:4      | Reached skill level 6 in Summonings
  6869 | D:4      | Reached XP level 7. HP: 28/32 MP: 8/13
  6869 | D:4      | Gained a life (1 life remaining)
  7065 | D:4      | Reached skill level 7 in Summonings
  7424 | D:4      | You pick up a book of the Tundra and begin reading...
  7424 | D:4      | You add the spells Hailstorm, Summon Ice Beast and Sculpt
                  | Simulacrum to your library.
  7452 | D:4      | Reached skill level 8 in Summonings
  7709 | D:5      | Entered Level 5 of the Dungeon
  7757 | D:5      | Found a sand-covered staircase.
  7765 | Ossuary  | Entered an ossuary
  8325 | Ossuary  | Reached XP level 8. HP: 36/36 MP: 2/14
  8331 | Ossuary  | Reached skill level 1 in Air Magic
  8495 | Ossuary  | Reached skill level 2 in Air Magic
  8763 | D:5      | Learned a level 4 spell: Summon Lightning Spire
  9157 | D:5      | Found a sparkling altar of Nemelex Xobeh.
  9181 | D:5      | Reached skill level 9 in Summonings
  9181 | D:5      | Reached skill level 3 in Air Magic
  9712 | D:5      | Found a stormy altar of Qazlal.
  9951 | D:5      | Found a basalt altar of Yredelemnul.
 10277 | D:6      | Found a radiant altar of Vehumet.
 10434 | D:6      | Found a staircase to the Ecumenical Temple.
 10440 | Temple   | Entered the Ecumenical Temple
 10576 | D:6      | Reached skill level 4 in Air Magic
 10691 | D:6      | You add the spells Gell's Gravitas, Teleport Other and
                  | Dispersal to your library.
 10966 | D:6      | Reached XP level 9. HP: 39/39 MP: 8/15
 11340 | D:7      | HP: 7/39 [gnoll/+0 flail[a gnoll bouda] (7)]
 11354 | D:7      | Reached skill level 10 in Summonings
 11354 | D:7      | Reached skill level 5 in Air Magic
 11931 | D:7      | You pick up a book of the Dragon and begin reading...
 11931 | D:7      | You add the spells Cause Fear, Fireball and Dragon's Call
                  | to your library.
 12423 | D:7      | HP: 8/36 [wight/+3 long sword (6)]
 12948 | D:7      | Found Roynor's General Store.
 12951 | D:7      | Bought a scroll of fear for 48 gold pieces
 13203 | D:7      | Noticed an unseen horror
 13458 | D:8      | Reached skill level 6 in Air Magic
 14535 | D:8      | Reached skill level 11 in Summonings
 14727 | D:8      | Noticed Erica
 14733 | D:8      | Killed Erica
 14734 | D:8      | Reached skill level 7 in Air Magic
 14734 | D:8      | Reached XP level 10. HP: 44/44 MP: 9/16
 14734 | D:8      | Gained a life (2 lives remaining)
 15153 | D:8      | Found Coaroud's Weapon Shoppe.
 15180 | D:8      | Noticed Jeremiah
 15525 | D:8      | Found a bloodstained altar of Trog.
 15540 | D:8      | Killed Jeremiah
 15796 | D:8      | Found an ornate altar of the Wu Jian Council.
 16079 | D:3      | Killed Grinder
 16218 | D:9      | Found an opulent altar of Gozag.
 16227 | D:9      | Became a worshipper of Gozag Ym Sagoz the Greedy
 16395 | D:9      | Reached skill level 12 in Summonings
 16395 | D:9      | Reached skill level 8 in Air Magic
 16707 | D:9      | Found a glowing silver altar of Zin.
 16843 | D:9      | HP: 6/44 [yak (14)]
 16850 | D:9      | Reached skill level 9 in Air Magic
 17099 | D:9      | Found a staircase to the Lair.
 17131 | D:9      | Found a shimmering blue altar of Sif Muna.
 17718 | D:9      | Learned a level 3 spell: Swiftness
 17718 | D:9      | magus.rc [v1.9.6]
 17766 | D:10     | Entered Level 10 of the Dungeon
 17783 | Lair:1   | Entered Level 1 of the Lair of Beasts
 17783 | Lair:1   | Noticed a cane toad
 17783 | Lair:1   | Noticed a black mamba
 17784 | Lair:1   | Noticed a cane toad
 17801 | Lair:1   | Mangled by a komodo dragon
 17801 | Lair:1   | Lost a life (1 life remaining)
 17805 | Lair:1   | HP: 11/44 [wolf (4)]
 17805 | Lair:1   | Mangled by a blink frog
 17805 | Lair:1   | Lost a life (0 lives remaining)
 17810 | Lair:1   | HP: 10/44 [wolf (10)]
 17810 | Lair:1   | Slain by a wolf

Vanquished Creatures
  A yak (D:9)
  A steam dragon (D:6)
  A sky beast (D:8)
  2 phantoms (D:4)
  A scorpion (D:4)
  3 gnolls
  An adder (D:2)
  A dart slug (D:1)
  2 orcs (D:3)
  2 ball pythons
  A giant cockroach (D:4)
  A goblin (D:1)
  A jackal (D:1)
  4 quokkas
  A bat (D:2)
  3 kobolds
  4 rats
30 creatures vanquished.

Vanquished Creatures (collateral kills)
  Erica (D:8)
  Jeremiah (D:8)
  A troll (D:9)
  Grinder (D:3)
  2 wyverns (D:9)
  12 yaks (D:9)
  A steam dragon (D:7)
  A water moccasin (D:7)
  A sky beast (D:8)
  An orc warrior (D:6)
  5 black bears
  An ice beast (D:4)
  2 centaurs (D:9)
  A weeping skull (Ossuary)
  3 kobold brigands
  A bullfrog (D:8)
  A gnoll sergeant (D:8)
  3 scorpions
  4 wights (D:7)
  2 burial acolytes (Ossuary)
  2 jellies
  9 killer bees (D:8)
  3 howler monkeys
  A centaur zombie (Ossuary)
  4 bombardier beetles
  A gnoll bouda (D:7)
  2 hounds (D:5)
  2 orc priests
  An iguana (D:7)
  A sleepcap (D:7)
  5 orc wizards
  3 hound zombies (Ossuary)
  2 mummies (Ossuary)
  20 gnolls
  5 adders
  2 shadow imps (D:5)
  2 white imps
  4 ufetubi
  2 dart slugs (D:3)
  A ribbon worm (D:2)
  23 orcs
  6 ball pythons
  A bat (D:1)
  6 endoplasms
  3 giant cockroaches (D:4)
  5 gnoll zombies (Ossuary)
  5 goblins
  3 hobgoblins
  3 jackals
  3 quokkas (D:4)
  2 frilled lizards
  16 kobolds
  2 orc zombies (Ossuary)
  2 rats
197 creatures vanquished.

Vanquished Creatures (others)
  A sky beast (D:6)
  An endoplasm (D:4)
  A quokka (D:4)
3 creatures vanquished.

Grand Total: 230 creatures vanquished

Table legend:
 A = Non-vault XP
 B = Vault XP
 C = Vault XP percentage of total XP
 D = Non-vault monster count
 E = Vault monster count
 F = Vault count percentage of total count
                 A         B        C        D         E       F
            +---------+---------+-------+---------+---------+-------
      Total |    8324 |    2356 |  22.1 |     188 |      40 |  17.5
            +---------+---------+-------+---------+---------+-------
        D:1 |      26 |       0 |   0.0 |      15 |       0 |   0.0
        D:2 |      38 |       5 |  11.6 |       8 |       3 |  27.3
        D:3 |     217 |     272 |  55.6 |      34 |       1 |   2.9
        D:4 |     590 |     497 |  45.7 |      27 |      17 |  38.6
        D:5 |     620 |      11 |   1.7 |      15 |       1 |   6.2
        D:6 |     545 |       0 |   0.0 |      15 |       0 |   0.0
        D:7 |    1067 |       0 |   0.0 |      20 |       0 |   0.0
        D:8 |    1241 |    1211 |  49.4 |      22 |       2 |   8.3
        D:9 |    3980 |       0 |   0.0 |      32 |       0 |   0.0
    Ossuary |       0 |     360 | 100.0 |       0 |      16 | 100.0
            +---------+---------+-------+---------+---------+-------

Skill      XL: |  1  2  3  4  5  6  7  8  9 10 |
---------------+-------------------------------+-----
Dodging        | 3 4 5 |  5.1
Stealth        | 3 4 5 |  5.3
Spellcasting   | 3 |  3.5
Summonings     | 5 6 8 9 11 12 | 12.9
Air Magic      | 4 7 9 |  9.2

Action                     |  1- 3 |  4- 6 |  7- 9 | 10-12 || total
---------------------------+-------+-------+-------+-------++-------
  Melee: Unarmed           |    40 |    65 |    74 |    40 ||   219
         Bite              |     3 |     1 |    12 |    11 ||    27
         Punch             |       |     1 |     1 |     1 ||     3
   Cast: Summon Small Mamm |    59 |    91 |   106 |     1 ||   257
         Call Imp          |    16 |    28 |    52 |     2 ||    98
         Call Canine Famil |       |     4 |    33 |    26 ||    63
         Summon Lightning  |       |       |    11 |    11 ||    22
         Swiftness         |       |       |       |     1 ||     1
  Evoke: Wand              |       |     1 |     4 |       ||     5
    Use: Scroll            |     7 |     4 |     8 |     7 ||    26
         Potion            |     5 |     1 |     3 |     3 ||    12
   Stab: Distracted        |     1 |     3 |     1 |     1 ||     6
         Sleeping          |     1 |       |     1 |       ||     2
 Armour: Skin              |    15 |    35 |    72 |    36 ||   158
  Dodge: Dodged            |    58 |    69 |   142 |    55 ||   324
  Block: Other             |       |    16 |     5 |       ||    21
         Reflection        |       |     1 |       |       ||     1

Illustrated notes

Table legend:
 A = Kills in this place as a percentage of kills in the entire game.
 B = Kills by you in this place as a percentage of kills by you in the entire game.
 C = Kills by friends in this place as a percentage of kills by friends in the entire game.
 D = Other kills in this place as a percentage of other kills in the entire game.
 E = Experience gained in this place as a percentage of experience gained in the entire game.
 F = Experience gained in this place divided by the number of levels of this place that you have seen.
                   A       B       C       D       E      F
               +-------+-------+-------+-------+-------+----------------------
         Total | 100.0 | 100.0 | 100.0 | 100.0 | 100.0 | 821.5
       Dungeon |  93.0 | 100.0 |  91.9 | 100.0 |  96.6 | 1032.0
       Ossuary |   7.0 |   0.0 |   8.1 |   0.0 |   3.4 | 360.0
               +-------+-------+-------+-------+-------+----------------------

Table legend: (Time is in decaauts)
 A = Elapsed time spent in this place.
 B = Non-inter-level travel time spent in this place.
 C = Inter-level travel time spent in this place.
 D = Time resting spent in this place.
 E = Time spent auto-exploring this place.
 F = Levels seen in this place.
 G = Mean time per level.
                   A        B        C        D        E       F      G
               +--------+--------+--------+--------+--------+-----+--------+
         Total |  17796 |  16937 |    859 |   5868 |   7516 |  13 | 1368.9 |
       Dungeon |  16783 |  15954 |    829 |   5444 |   7331 |  10 | 1678.3 |
        Temple |     75 |     46 |     29 |      0 |      0 |   1 |   75.0 |
          Lair |     23 |     23 |      0 |      0 |      0 |   1 |   23.0 |
       Ossuary |    912 |    912 |      0 |    424 |    185 |   1 |  912.0 |
               +--------+--------+--------+--------+--------+-----+--------+

Top non-repeatable levels by time:
     D:3: 3292 daAuts
     D:8: 2459 daAuts
     D:7: 2210 daAuts
     D:4: 1772 daAuts
     D:9: 1574 daAuts
     D:2: 1570 daAuts
     D:5: 1567 daAuts
     D:1: 1258 daAuts
     D:6: 1076 daAuts
 Ossuary: 912 daAuts
  Temple: 75 daAuts
  Lair:1: 23 daAuts
    D:10: 1 daAuts
